 Dungeon Crawl Stone Soup version 0.27-a0-1245-g940ed4fa31 (webtiles) character file.

Game seed: 13085943214669352235

2000 polve the Distorting Demonspawn (level 9, -2/69 HPs)
             Began as a Demonspawn Abyssal Knight on June 9, 2021.
             Was a Believer of Lugonu.
             Slain by a two-headed ogre
             ... wielding a +0 giant club
              (4 damage)
             ... on level 7 of the Dungeon.
             The game lasted 00:07:35 (11743 turns).

polve the Distorting Demonspawn (DsAK)             Turns: 11743, Time: 00:07:35

Health: -2/69      AC: 15    Str: 15    XL:     9   Next: 2%
Magic:  16/16      EV: 10    Int: 14    God:    Lugonu [**....]
Gold:   341        SH:  0    Dex: 13    Spells: 8/8 levels left

rFire    . . .     SeeInvis .   a - +0 dagger (speed)
rCold    + + .     Faith    .   (no shield)
rNeg     . . .     Spirit   .   v - +3 scale mail of Sloth {rC+}
rPois    .         Reflect  .   (no helmet)
rElec    .         Harm     .   q - scarf {repulsion}
rCorr    .         Rampage  .   e - +2 pair of gloves
Will     .....                  (no boots)
Stlth    ..........             (no amulet)
HPRegen  0.21/turn              g - ring of protection from cold
MPRegen  0.15/turn              (no ring)

@: repel missiles
A: thin metallic scales 1, demonic guardian 1, foul stench 2
a: Renounce Religion, Depart the Abyss, Bend Space


You were on level 7 of the Dungeon.
You worshipped Lugonu.
Lugonu was pleased with you.
You visited 1 branch of the dungeon, and saw 8 of its levels.
You visited the Abyss 1 time.

You collected 341 gold pieces.

Inventory:

Hand Weapons
 a - a +0 dagger of speed (weapon)
 b - a +1 short sword
Missiles
 n - 14 atropa-tipped darts
Armour
 e - a +2 pair of gloves (worn)
 q - a scarf of repulsion (worn)
 v - the +3 scale mail of Sloth (worn) {rC+}
   (You found it on level 5 of the Dungeon)

   It protects you from cold.
Jewellery
 g - a ring of protection from cold (left hand)
Wands
 j - a wand of flame (18)
 k - a wand of polymorph (2)
 s - a wand of iceblast (8)
 x - a wand of acid (12)
Scrolls
 c - a scroll of magic mapping {unknown}
 f - a scroll of vulnerability {unknown}
 i - a scroll of enchant armour {unknown}
 l - 3 scrolls of noise {unknown}
 m - 3 scrolls of teleportation {unknown}
 o - 4 scrolls of fog {unknown}
 p - a scroll of torment {unknown}
 w - 3 scrolls of identify {unknown}
 y - a scroll of acquirement {unknown}
Potions
 d - 2 potions of curing
 h - a potion of lignification {unknown}
 r - a potion of brilliance {unknown}
 t - 2 potions of flight {unknown}
 u - a potion of berserk rage {unknown}
 z - a potion of heal wounds


   Skills:
 - Level 6.0 Fighting
 - Level 4.0 Short Blades
 - Level 6.0 Armour
 - Level 2.0 Dodging
 + Level 9.7 Invocations


You had 8 spell levels left.
You didn't know any spells.
Your spell library contained the following spells:

 Spells                   Type           Power      Damage    Failure   Level
 Animate Skeleton         Necr           0%         N/A       69%         1
 Corona                   Hex            0%         N/A       69%         1
 Pain                     Necr           0%         1d4       69%         1
 Slow                     Hex            0%         N/A       83%         2
 Inner Flame              Hex/Fire       0%         N/A       96%         3
 Portal Projectile        Hex/Tloc       0%         N/A       96%         3
 Vampiric Draining        Necr           0%         2d6       96%         3
 Animate Dead             Necr           0%         N/A       100%        4
 Cause Fear               Hex            0%         N/A       100%        4
 Leda's Liquefaction      Hex/Erth       0%         N/A       100%        4
 Agony                    Necr           0%         N/A       100%        5


Dungeon Overview and Level Annotations

Branches:
Dungeon (8/15)             Temple (0/1) D:4
   Lair: D:8-11

Altars:
Dithmenos
Fedhas
Kikubaaqudgha
Zin


Innate Abilities, Weirdness & Mutations

You are partially covered in thin metallic scales. (AC +2)
A weak demonic guardian rushes to your aid.
You sometimes emit foul miasma when damaged in melee.


Message History

You climb upwards.
There is a stone staircase leading down here.
You hit the two-headed ogre but do no damage.
The two-headed ogre hits you with a +0 giant club.
The two-headed ogre hits you but does no damage.
You hit the two-headed ogre.
The two-headed ogre is lightly wounded.
You hit the two-headed ogre.
The two-headed ogre is lightly wounded.
The two-headed ogre hits you with a +0 giant club!
The two-headed ogre hits you with a +0 giant spiked club!
You hit the two-headed ogre.
The two-headed ogre is lightly wounded.
You hit the two-headed ogre but do no damage.
The two-headed ogre is lightly wounded.
You hit the two-headed ogre.
The two-headed ogre is lightly wounded.
The two-headed ogre closely misses you.
The two-headed ogre hits you with a +0 giant spiked club!
You emit a cloud of foul miasma!
You hit the two-headed ogre but do no damage.
The two-headed ogre is lightly wounded.
You hit the two-headed ogre but do no damage.
The two-headed ogre is lightly wounded.
The two-headed ogre is engulfed in dark miasma.
The two-headed ogre is poisoned.
The two-headed ogre seems to slow down.
The two-headed ogre misses you. The two-headed ogre closely misses you.
You hit the two-headed ogre.
The two-headed ogre is moderately wounded.
You closely miss the two-headed ogre.
The two-headed ogre is moderately wounded.
You barely miss the two-headed ogre.
The two-headed ogre is moderately wounded.
The two-headed ogre is engulfed in dark miasma.
The two-headed ogre looks even sicker.
The two-headed ogre seems to slow down.
The two-headed ogre hits you with a +0 giant club!!
* * * LOW HITPOINT WARNING * * *
A demonic guardian appears!
The two-headed ogre hits you with a +0 giant spiked club.
You die...

#####
#....#............#
#.#
#.####.......######
#.# #.#
#.........(.# #.#
#.#
#..####.###.####.#
#.# #..#
#..........# #.#
#..# #..##.######
#.# ##.># #..##.#
####
#.###..5####..##.#
#...
#.##.....@O...##.#
#.##
#.###...####.###.#
#.# ##### #.# ##..#
##.###.# #.## ....#
#.# ##.# #...##.#
#... ###.# #.#
#.###...##.# ####
#.# #.#
#.#........# #.#
#.# #..........#
#.# #.#
###.......## #.#
#.#########...###


You could see a two-headed ogre (very poisoned, slow, ally target) and a
friendly ufetubus (summoned).

Vanquished Creatures
  A wyvern (D:8)
  Duvessa (D:5)
  2 water moccasins (D:7)
  A sky beast (D:7)
  A black bear (D:7)
  An ogre (D:7)
  A bullfrog (D:7)
  7 scorpions
  Dowan (D:5)
  A centaur zombie (D:6)
  3 hounds
  A centaur skeleton (D:6)
  3 iguanas
  Terence (D:2)
  Natasha (twice) (D:2)
  4 orc wizards
  A hound zombie (D:5)
  A howler monkey zombie (D:6)
  6 adders
  2 white imps
  An ufetubus (D:5)
  2 worms (D:3)
  A dart slug (D:1)
  11 orcs
  7 ball pythons
  7 endoplasms
  A giant cockroach (D:2)
  4 goblins
  5 hobgoblins
  8 jackals
  5 quokkas
  8 bats
  3 frilled lizards (D:1)
  6 kobolds
  3 rats (D:2)
113 creatures vanquished.

Vanquished Creatures (collateral kills)
  An ogre (D:4)
  A jelly (D:4)
  Crazy Yiuf (D:2)
  An adder (D:5)
  An orc (D:4)
5 creatures vanquished.

Vanquished Creatures (others)
  3 fungi (D:4)
3 creatures vanquished.

Grand Total: 121 creatures vanquished

Notes
Turn   | Place    | Note
-------+----------+-------------------------------------------
     0 | Abyss:1  | polve the Demonspawn Abyssal Knight began the quest for the
                  | Orb.
     0 | Abyss:1  | Reached XP level 1. HP: 18/18 MP: 2/2
    57 | Abyss:1  | Noticed a small abomination
   116 | Abyss:1  | Noticed a flying skull
   120 | Abyss:1  | Noticed a small abomination
   123 | D:1      | Escaped the Abyss
   325 | D:1      | Reached * piety under Lugonu
   328 | D:1      | Gained mutation: You may rarely emit foul miasma when
                  | damaged in melee. [demonic ancestry]
   328 | D:1      | Reached XP level 2. HP: 11/24 MP: 3/3
   632 | D:1      | Found a faded altar of an unknown god.
  1242 | D:2      | Found a blossoming altar of Fedhas.
  1285 | D:2      | Reached XP level 3. HP: 21/29 MP: 4/4
  1740 | D:2      | Noticed Natasha
  1755 | D:2      | Killed Natasha
  1756 | D:2      | Gained mutation: A weak demonic guardian rushes to your
                  | aid. [demonic ancestry]
  1756 | D:2      | Reached XP level 4. HP: 6/35 MP: 5/5
  2174 | D:2      | Noticed a scorpion
  2191 | D:2      | Killed a scorpion
  2192 | D:2      | Gained mutation: You sometimes emit foul miasma when
                  | damaged in melee. [demonic ancestry]
  2192 | D:2      | Reached XP level 5. HP: 24/42 MP: 6/6
  2577 | D:2      | Noticed Natasha
  2585 | D:2      | Killed Natasha
  2971 | D:2      | Noticed Terence
  2987 | D:2      | Killed Terence
  3144 | D:2      | Found a runed translucent door.
  3145 | D:2      | Noticed Crazy Yiuf
  3177 | D:2      | Killed Crazy Yiuf
  3178 | D:2      | Reached skill level 5 in Fighting
  3474 | D:3      | Reached ** piety under Lugonu
  4001 | D:3      | Gained mutation: You are partially covered in thin metallic
                  | scales. (AC +2) [demonic ancestry]
  4001 | D:3      | Reached XP level 6. HP: 51/51 MP: 7/7
  4647 | D:4      | Found a staircase to the Ecumenical Temple.
  5037 | D:4      | Reached skill level 1 in Dodging
  5541 | D:4      | Reached XP level 7. HP: 28/58 MP: 8/8
  6920 | D:5      | Entered Level 5 of the Dungeon
  7015 | D:5      | Noticed Duvessa
  7015 | D:5      | Noticed Dowan
  7103 | D:5      | Killed Duvessa
  7104 | D:5      | Reached skill level 5 in Armour
  7107 | D:5      | Killed Dowan
  7417 | D:5      | Identified the +3 scale mail of Sloth {rC+}
  7454 | D:5      | Reached XP level 8. HP: 48/64 MP: 9/9
  7693 | D:5      | Found a shadowy altar of Dithmenos.
  7740 | D:5      | Reached skill level 3 in Invocations
  8160 | D:6      | Reached skill level 4 in Invocations
  9007 | D:6      | Reached skill level 5 in Invocations
  9839 | D:7      | Reached skill level 6 in Invocations
 10082 | D:7      | Reached skill level 7 in Invocations
 10269 | D:7      | Reached skill level 8 in Invocations
 10487 | D:7      | Found an ancient bone altar of Kikubaaqudgha.
 11012 | D:8      | Reached skill level 9 in Invocations
 11285 | D:7      | Reached XP level 9. HP: 50/69 MP: 16/16
 11413 | D:8      | Noticed a two-headed ogre
 11743 | D:7      | HP: 2/69 [two-headed ogre/+0 giant club (25)]
 11743 | D:7      | Slain by a two-headed ogre

Illustrated notes

Levels and vault maps discovered:
D:1:      nagdon_arrival_zigzag_paths, layout_basic,
          hellmonk_ecumenical_altar_slurped_away, dk_noncrumbling_2,
          minmay_tetromino_l2
D:2:      mumra_celtic_spiral_tile, layout_loops_ring, basic_altar,
          uniq_terence, uniq_crazy_yiuf_cottage, uniq_natasha
D:3:      layout_basic, kennysheep_cluttered_room
D:4:      old_forge, layout_loops_ring, temple_green, chequers_jeans,
          lemuel_flame_loot_1
D:5:      layout_basic, nicolae_dithmenos_the_darkroom, uniq_duvessa
D:6:      mumra_celtic_spiral_tile, layout_rooms, zin_treasury,
          minmay_misc_feat_encased
D:7:      layout_loops_ring, lemuel_crystal_altar
D:8:      layout_loops_corners, serial_undead, serial_undead_f, serial_undead_d,
          serial_undead_b, serial_undead_a, serial_undead_f, serial_undead_f,
          minivault_21

Skill      XL: |  1  2  3  4  5  6  7  8 |
---------------+-------------------------+-----
Short Blades   | 2 3 4 |  4.0
Fighting       | 4 5 6 |  6.0
Dodging        | 2 |  2.0
Armour         | 3 5 6 |  6.0
Invocations    | 9 |  9.7

Action                   |  1- 3 |  4- 6 |  7- 9 || total
-------------------------+-------+-------+-------++-------
Melee: Short sword       |   131 |    71 |       ||   202
       Dagger            |       |   368 |   682 ||  1050
Throw: Dart              |       |       |     1 ||     1
Invok: Depart the Abyss  |     1 |       |       ||     1
       Bend Space        |       |       |     1 ||     1
  Use: Potion            |       |       |     4 ||     4
Armor: Ring mail         |    37 |       |       ||    37
       Chain mail        |    39 |   150 |    55 ||   244
       Scale mail        |       |       |   178 ||   178
Dodge: Dodged            |    65 |    74 |   167 ||   306
       Repelled          |       |       |     3 ||     3

Table legend: (Time is in decaauts)
 A = Elapsed time spent in this place.
 B = Non-inter-level travel time spent in this place.
 C = Inter-level travel time spent in this place.
 D = Time resting spent in this place.
 E = Time spent auto-exploring this place.
 F = Levels seen in this place.
 G = Mean time per level.
                   A        B        C        D        E       F      G
               +--------+--------+--------+--------+--------+-----+--------+
         Total |  11202 |  10926 |    276 |      0 |   9529 |   9 | 1244.7 |
       Dungeon |  11079 |  10803 |    276 |      0 |   9436 |   8 | 1384.9 |
         Abyss |    123 |    123 |      0 |      0 |     93 |   1 |  123.0 |
               +--------+--------+--------+--------+--------+-----+--------+

Top non-repeatable levels by time:
     D:4: 2214 daAuts
     D:2: 2102 daAuts
     D:7: 2070 daAuts
     D:6: 1304 daAuts
     D:3: 1177 daAuts
     D:1: 1076 daAuts
     D:5: 1032 daAuts
 Abyss:1: 123 daAuts
     D:8: 102 daAuts
